[Event "Early-Titled-Tuesday-Blitz-March-26-2024"]
[Site "Chess.com"]
[Date "2024.03.26"]
[Round "8"]
[White "Masterbeaterr"]
[Black "Vahe_Danielyan"]
[Result "1-0"]
[WhiteElo "2459"]
[BlackElo "2601"]
[TimeControl "180+1"]
[EndTime "9:24:32 PDT"]
[Termination "Masterbeaterr won by checkmate"]

1. d4 Nf6 2. c4 g6 3. h4 h5 4.
Nc3 Bg7 5. Bg5 d6 6. e4 Nc6 7. Nf3 O-O 8. d5 Nb8 9. Qd2 Bg4 10. Bh6 Bxf3 11. gxf3 Nbd7 12. Bxg7 Kxg7 13. f4 c6 14. Bd3 cxd5 15. cxd5 Qb6 16. O-O-O Rfc8 17. Kb1 Ng4 18. Rhf1 Nb8 19. Be2 Nf6 20. e5 Nfd7 21. Rg1 dxe5 22. Bxh5 exf4 23. Bg4 Rc4 24. h5 Ne5 25. hxg6 fxg6 26.
Be6 Na6 27. Ne2 Qxf2 28. Rdf1 Qe3 29. Qxe3 fxe3 30. Ng3 Nc5 31. Nf5+ Kf8 32. Nxe3+ Kg7 33. Nxc4 Nxc4 34. Rf7+ Kh6 35. Rxe7 Rd8 36. Rc7 Nd2+ 37. Kc2 Nde4 38. Bf7 Rd6 39. Bg8 Rf6 40. Rh7# 1-0

[Event "Early-Titled-Tuesday-Blitz-March-26-2024"]
[Site "Chess.com"]
[Date "2024.03.26"]
[Round "8"]
[White "Pertinhez76"]
[Black "MikeWizard"]
[Result "1/2-1/2"]
[WhiteElo "2128"]
[BlackElo "2089"]
[TimeControl "180+1"]
[EndTime "9:24:32 PDT"]
[Termination "Game drawn by repetition"]

1. e4 d6 2. d4 Nf6 3. Nc3 Nbd7 4. Be3 e5 5. f3 g6 6. Qd2 Bg7 7. O-O-O O-O 8. Nge2 a6 9. g4 b5 10. h4 exd4 11.
Nxd4 Ne5 12. Be2 c5 13. Nb3 c4 14. Nd4 Qa5 15. Kb1 b4 16. Nd5 Nxd5 17. exd5 c3 18.
Qc1 Bd7 19. h5 Bb5 20. Bh6 Bxe2 21. Bxg7 Kxg7 22. hxg6 fxg6 23. Ne6+ Kf7 24. Rxh7+ Ke8 25. Qg5 Nf7 26. Re1 Nxg5 27. Nxg5 Qb5 28. Ne6 cxb2 29. Nc7+ Kd8 30. Nxb5 axb5 31. Rxe2 Ra3 32. Ree7 Raxf3 33. Rd7+ Kc8 34. Rc7+ Kb8 35. Rb7+ Ka8 36. Ra7+ Kb8 37. Rab7+ Ka8 38. Ra7+ Kb8 39. Rab7+ 1/2-1/2

[Event "Early-Titled-Tuesday-Blitz-March-26-2024"]
[Site "Chess.com"]
[Date "2024.03.26"]
[Round "8"]
[White "Boorchess"]
[Black "Khromkin"]
[Result "0-1"]
[WhiteElo "2543"]
[BlackElo "2439"]
[TimeControl "180+1"]
[EndTime "9:24:36 PDT"]
[Termination "Khromkin won on time"]

1. d4 d5 2. c4 dxc4 3. e3 e5 4. Bxc4 exd4 5. Nf3 Bb4+ 6. Bd2 Bxd2+ 7. Qxd2 Nf6 8. O-O O-O 9. exd4 Nc6 10. d5 Ne7 11.
Nc3 a6 12. Rfe1 Nf5 13. Qf4 Qd6 14. Re5 Ne7 15. Bd3 Ng6 16. Bxg6 hxg6 17. Rae1 Bf5 18. Qg3 Rae8 19. Nd4 Rxe5 20. Qxe5 Qxe5 21. Rxe5 Re8 22. Rxe8+ Nxe8 23. Nb3 Kf8 24. Nc5 Nd6 25. b4 Bc8 26. f3 b6 27. Nb3 Ke7 28. Kf2 Nc4 29. Nd4 Kd6 30. Nde2 Bb7 31. Nf4 Na3 32. h4 Nb5 33. Ne4+ Ke5 34. g3 Bxd5 35. Ng5 Nd6 36. Nd3+ Kd4 0-1

[Event "Early-Titled-Tuesday-Blitz-March-26-2024"]
[Site "Chess.com"]
[Date "2024.03.26"]
[Round "8"]
[White "Yuruultei"]
[Black "The_Straightforward_Rook"]
[Result "1-0"]
[WhiteElo "2257"]
[BlackElo "2395"]
[TimeControl "180+1"]
[EndTime "9:24:40 PDT"]
[Termination "Yuruultei won by checkmate"]

1. d4 d5 2. c4 c6 3. Nc3 Nf6 4. Nf3 e6 5. Bg5 h6 6. Bh4 dxc4 7. e4 g5 8. Bg3 b5 9. e5 Nh5 10. Ne4 Nd7 11. h4 g4 12. Nfd2 Rg8 13. Be2 Nxg3 14. Nxg3 Qb6 15. Nde4 Bb4+ 16. Nc3 c5 17.
dxc5 Nxc5 18. O-O Bb7 19. Nh5 Bxc3 20. Nf6+ Kf8 21. bxc3 Rd8 22. Qc2 Rg7 23. Qc1 Qc6 24. f3 Rg6 25. h5 Rg5 26. Nh7+ Ke8 27. Nxg5 hxg5 28. Qxg5 Nd3 29. Rad1 Qc5+ 30. Kh2 Qxe5+ 31. Qxe5 Nxe5 32. Rxd8+ Kxd8 33. fxg4 Ke7 34. h6 Ng6 35. Bf3 Bc8 36. Be4 Ne5 37. h7 Nxg4+ 38. Kg1 f5 39. h8=Q fxe4 40. Qg7+ Kd6 41. Qxg4 e5 42. Qxc8 Kd5 43.
Rd1# 1-0

[Event "Early-Titled-Tuesday-Blitz-March-26-2024"]
[Site "Chess.com"]
[Date "2024.03.26"]
[Round "8"]
[White "vlad10898"]
[Black "Ginger_GM"]
[Result "0-1"]
[WhiteElo "2864"]
[BlackElo "2619"]
[TimeControl "180+1"]
[EndTime "9:24:43 PDT"]
[Termination "Ginger_GM won by resignation"]

1. d4 e6 2. Nf3 f5 3. Bf4 Nf6 4. e3 b6 5. c4 Bb7 6. Be2 Bb4+ 7. Nfd2 O-O 8. O-O a5 9. a3 Bxd2 10. Nxd2 d6 11. Bf3 Qc8 12. b4 Nbd7 13. Bg3 axb4 14. axb4 Rxa1 15. Qxa1 Bxf3 16. Nxf3 Ne4 17. Qa7 Qb8 18.
Ra1 b5 19. c5 Ndf6 20. Ne1 Nd5 21. Nd3 g5 22. cxd6 cxd6 23. Qd7 Qc8 24. Qxb5 Qc3 25. Rf1 Qd2 26. Nc1 f4 27. exf4 gxf4 28. Bh4 f3 29. Qd7 Qh6 30. gxf3 Nd2 31. Bg3 Nxf1 32. Kxf1 Qxc1+ 0-1

[Event "Early-Titled-Tuesday-Blitz-March-26-2024"]
[Site "Chess.com"]
[Date "2024.03.26"]
[Round "8"]
[White "Veleamater"]
[Black "theoneandonlydaaevik"]
[Result "0-1"]
[WhiteElo "2408"]
[BlackElo "2538"]
[TimeControl "180+1"]
[EndTime "9:24:43 PDT"]
[Termination "theoneandonlydaaevik won by resignation"]

1. g3 d5 2. Bg2 Nf6 3. d3 c5 4.
Nf3 Nc6 5. O-O e6 6. Nc3 Be7 7. e4 O-O 8. h3 Qc7 9. Bf4 Qb6 10. Rb1 Rd8 11. g4 dxe4 12. Ne5 Nxe5 13. Bxe5 exd3 14. cxd3 Bd7 15. g5 Ne8 16. Ne4 Bc6 17. Qg4 Rxd3 18. h4 Rad8 19. h5 Bxe4 20. Bxe4 Rd2 21. Bc3 f5 22.
gxf6 Nxf6 23. Bxh7+ Kxh7 24. Qg6+ Kh8 25. h6 Rg8 26. h7 Rgd8 27. Bxd2 Rxd2 28. Qf7 Qd8 29. Qxe6 Rd4 30. Rfe1 Bd6 31. f3 Kxh7 32. Kg2 Nh5 33.
Qf5+ g6 34. Qf7+ Kh6 35. Re4 Qg5+ 36. Kf1 Ng3+ 37. Kf2 Nxe4+ 38. fxe4 Rd2+ 39. Kf3 Qg2+ 0-1

[Event "Early-Titled-Tuesday-Blitz-March-26-2024"]
[Site "Chess.com"]
[Date "2024.03.26"]
[Round "8"]
[White "tetrix83"]
[Black "Chessdude1987"]
[Result "1-0"]
[WhiteElo "2628"]
[BlackElo "2410"]
[TimeControl "180+1"]
[EndTime "9:24:47 PDT"]
[Termination "tetrix83 won on time"]

1. e4 e6 2. d4 d5 3. Nc3 Nf6 4. Bg5 h6 5. Bxf6 Qxf6 6. Nf3 Bb4 7. Bd3 c5 8. O-O cxd4 9. Nxd4 O-O 10. exd5 Bxc3 11. bxc3 exd5 12. Rb1 Nc6 13. Rb5 Rd8 14. Qf3 Qxf3 15. Nxf3 a6 16. Rb6 Ra7 17. Rfb1 Na5 18. Nd4 Bd7 19. Rd6 b5 20. Rxd5 Rc8 21. Re1 g6 22. Re7 Rcc7 23. Ne2 Kf8 24. Re3 Be6 25.
Rd8+ Ke7 26. Rh8 h5 27. Nd4 Kf6 28. Nxe6 fxe6 29. Rf8+ Kg7 30. Re8 Re7 31. Rxe6 Rxe6 32. Rxe6 Kf7 33. Rxg6 Nc4 34. Rh6 Nd2 35. Rh7+ 1-0

[Event "Early-Titled-Tuesday-Blitz-March-26-2024"]
[Site "Chess.com"]
[Date "2024.03.26"]
[Round "8"]
[White "tusplingher"]
[Black "ajedrezsinlimites"]
[Result "0-1"]
[WhiteElo "2500"]
[BlackElo "2633"]
[TimeControl "180+1"]
[EndTime "9:24:51 PDT"]
[Termination "ajedrezsinlimites won by resignation"]

1. c4 Nf6 2. g3 e6 3. Bg2 d5 4. Nf3 Be7 5. O-O O-O 6. b3 b6 7.
d4 Bb7 8. Nc3 a5 9. Bb2 Nbd7 10.
Qc2 c5 11. cxd5 exd5 12. dxc5 bxc5 13. Rad1 Qc7 14. Ne1 d4 15. Na4 Bxg2 16. Kxg2 Rfe8 17. Nd3 Bd6 18. Bc1 h5 19. Bf4 h4 20. Bxd6 Qxd6 21.
Nf4 hxg3 22. hxg3 Re5 23. Nb2 g5 24. Nfd3 Rf5 25. Nc4 Qd5+ 26. f3 Qe6 27. Rh1 Nd5 28. Rh2 Re8 29. Kf2 Ne3 30. Nxe3 Qxe3+ 31. Kf1 g4 32.
Nf2 gxf3 33. exf3 Rxf3 34. Qh7+ Kf8 35. Qh8+ Ke7 36. Qh4+ Kd6 37. Qh6+ Re6 38. Qh5 Qe2+ 39. Kg2 Rxf2+ 0-1

[Event "Early-Titled-Tuesday-Blitz-March-26-2024"]
[Site "Chess.com"]
[Date "2024.03.26"]
[Round "8"]
[White "gpsji27"]
[Black "mortngabriel"]
[Result "0-1"]
[WhiteElo "2352"]
[BlackElo "2478"]
[TimeControl "180+1"]
[EndTime "9:24:51 PDT"]
[Termination "mortngabriel won on time"]

1. d4 Nf6 2. Nf3 c5 3. d5 b5 4. Bg5 Qb6 5. Nc3 a6 6. Bxf6 Qxf6 7. e4 d6 8. Rb1 g5 9. h3 h5 10. Be2 Nd7 11. a3 g4 12. hxg4 hxg4 13. Rxh8 Qxh8 14. Ng1 Ne5 15. b4 Qh1 16. Kf1 cxb4 17. axb4 Bh6 18. Qd4 Bg5 19. f3 gxf3 20. Bxf3 Nxf3 21. gxf3 Bf6 22.
Qe3 Bh3+ 23. Ke2 Rc8 24. Nxh3 Qxh3 25. Nd1 Rxc2+ 26. Kd3 Rc8 0-1

[Event "Early-Titled-Tuesday-Blitz-March-26-2024"]
[Site "Chess.com"]
[Date "2024.03.26"]
[Round "8"]
[White "MaiqMaster"]
[Black "zverr1"]
[Result "0-1"]
[WhiteElo "2392"]
[BlackElo "2528"]
[TimeControl "180+1"]
[EndTime "9:24:52 PDT"]
[Termination "zverr1 won by resignation"]

1. e4 c5 2. Nc3 Nc6 3. Bb5 Nd4 4. Nf3 Nxb5 5. Nxb5 a6 6. Nc3 b5 7. d4 cxd4 8. Qxd4 Bb7 9. Be3 d6 10. O-O-O e6 11. Rhe1 Nf6 12. e5 Nd5 13. exd6 Qxd6 14. Nxd5 Qxd5 15. Qxd5 Bxd5 16. Bd4 f6 17. Bxf6 Bxf3 18.
gxf3 gxf6 19. Rxe6+ Kf7 20. Rb6 Bh6+ 21. Kb1 Rhd8 22.
Rxd8 Rxd8 23. a4 bxa4 24. Rxa6 Rd4 25. Ra7+ Kg6 26. Ra5 Bd2 27. c3 Rh4 28. Kc2 Be1 29. Kd3 Bxf2 30. c4 Rxh2 31. c5 Be1 32. Rxa4 Rxb2 33.
c6 Rd2+ 34. Kc4 Rc2+ 35. Kd5 h5 36. Kd6 Bg3+ 37. f4 Kf5 38. Kd7 Bxf4 39. Ra5+ Be5 40.
Ra8 h4 41. Rh8 Bg3 0-1

[Event "Early-Titled-Tuesday-Blitz-March-26-2024"]
[Site "Chess.com"]
[Date "2024.03.26"]
[Round "8"]
[White "YegoryoCh"]
[Black "Mindhunter08"]
[Result "1-0"]
[WhiteElo "2524"]
[BlackElo "2646"]
[TimeControl "180+1"]
[EndTime "9:24:53 PDT"]
[Termination "YegoryoCh won by resignation"]

1. e4 e5 2. Nf3 Nc6 3. d4 exd4 4. Nxd4 Nf6 5. Nxc6 bxc6 6. e5 Qe7 7. Qe2 Nd5 8. c4 Ba6 9. b3 g6 10. Ba3 Qxa3 11. Nxa3 Bb4+ 12. Qd2 Bxd2+ 13. Kxd2 Nb4 14. g3 O-O 15. Bg2 Rad8 16. Kc3 c5 17. Rad1 Nxa2+ 18. Kb2 Nb4 19. Rhe1 Rfe8 20. Nc2 Nxc2 21. Kxc2 Kf8 22. Ra1 Re6 23. Ra5 Rb8 24. Bh3 Reb6 25. Bxd7 Ke7 26. Ba4 Bc8 27. Rxc5 Bf5+ 28. Kc3 R8b7 29. Rd1 g5 30. e6 Bxe6 31. Rxg5 Rb8 32. Rh5 Kf6 33. Rxh7 Kg6 34. Rh4 Bf5 35. Rhd4 Re6 36. g4 Be4 37. Bd7 Reb6 38. Rxe4 Rxb3+ 39. Kd4 Rd8 40. Kc5 Ra3 41. Bf5+ 1-0

[Event "Early-Titled-Tuesday-Blitz-March-26-2024"]
[Site "Chess.com"]
[Date "2024.03.26"]
[Round "8"]
[White "BilicVladimir"]
[Black "Joachim100x"]
[Result "1/2-1/2"]
[WhiteElo "2667"]
[BlackElo "2529"]
[TimeControl "180+1"]
[EndTime "9:24:53 PDT"]
[Termination "Game drawn by repetition"]

1. Nf3 Nf6 2. d4 g6 3. c4 Bg7 4.
Nc3 O-O 5. g3 d5 6. cxd5 Nxd5 7.
Bd2 Nc6 8. e3 Nb6 9. Bg2 e5 10.
dxe5 Nxe5 11. Nxe5 Bxe5 12. Qe2 c6 13. O-O Be6 14.
b3 Qe7 15. Rac1 Rad8 16. Rfd1 Nd5 17. Nxd5 Bxd5 18. e4 Be6 19. f4 Bd4+ 20. Be3 Bg4 21. Bf3 Bxf3 22. Qxf3 Bxe3+ 23. Qxe3 Rxd1+ 24. Rxd1 Rd8 25. Rxd8+ Qxd8 26. a4 b6 27. e5 Qd5 28. g4 c5 29. Kf2 a6 30. f5 b5 31. axb5 axb5 32.
f6 Kf8 33. Kg3 h5 34. gxh5 gxh5 35. Kf4 Ke8 36. Kg5 Qg2+ 37. Kxh5 Qxh2+ 38. Kg4 Qg2+ 39. Kf4 Qf1+ 40. Ke4 Qg2+ 41. Kd3 Qd5+ 42. Kc3 b4+ 43. Kc2 Kd7 44. Qh3+ Qe6 45. Qd3+ Kc6 46. Qe4+ Qd5 47. Qf5 Qg2+ 48. Kc1 Qg1+ 49. Kc2 Qg2+ 50. Kc1 Qg1+ 51. Kc2 Qg2+ 1/2-1/2

[Event "Early-Titled-Tuesday-Blitz-March-26-2024"]
[Site "Chess.com"]
[Date "2024.03.26"]
[Round "8"]
[White "yuriydovzik"]
[Black "ernestina08chess"]
[Result "0-1"]
[WhiteElo "2122"]
[BlackElo "2235"]
[TimeControl "180+1"]
[EndTime "9:24:53 PDT"]
[Termination "ernestina08chess won on time"]

1. a3 d5 2. b3 e5 3. Bb2 Bd6 4.
c4 c6 5. d3 Nf6 6. Nd2 O-O 7.
g3 Bf5 8. Bg2 Re8 9. e4 dxe4 10.
dxe4 Be6 11. Ngf3 Nbd7 12. O-O Qc7 13. Ng5 Bg4 14. f3 Bh5 15. g4 Bg6 16. h4 h5 17.
Bh3 Nc5 18. Qe2 Ne6 19. Nxe6 fxe6 20. g5 Nd7 21. b4 b6 22. Nb3 c5 23. b5 Nf8 24. Rad1 Rad8 25. Rd3 Qf7 26. Rfd1 Bc7 27.
Rxd8 Rxd8 28. Rxd8 Bxd8 29. Bxe5 Nd7 30. Bd6 Be7 31. Bg3 Nf8 32. Nc1 Qe8 33. Qd3 Qc8 34.
Ne2 a6 35. a4 axb5 36. axb5 Qa8 37. Kg2 Qa2 38. Be5 Bf7 39. Kf2 Ng6 40. Bg3 e5 41. Qd7 Bxc4 42. Qe8+ Nf8 0-1

[Event "Early-Titled-Tuesday-Blitz-March-26-2024"]
[Site "Chess.com"]
[Date "2024.03.26"]
[Round "8"]
[White "LeninGuerra"]
[Black "carloseduar100"]
[Result "0-1"]
[WhiteElo "2669"]
[BlackElo "2208"]
[TimeControl "180+1"]
[EndTime "9:24:53 PDT"]
[Termination "carloseduar100 won by resignation"]

1. e4 e6 2. d4 d5 3. Nd2 c5 4. exd5 Qxd5 5. Ngf3 cxd4 6. Bc4 Qd7 7. O-O Nc6 8. Qe2 Bd6 9. Rd1 Qc7 10. Nb3 Nf6 11.
Nbxd4 Nxd4 12. Rxd4 O-O 13. Bg5 Be7 14. Rad1 h6 15. Bh4 a6 16. Bg3 Qc5 17. a3 b5 18.
b4 Qh5 19. Rh4 Qf5 20. Bd3 Qd5 21. Be4 Nxe4 22. Rxd5 Nxg3 23. hxg3 Bxh4 24. Rh5 Bf6 25. g4 Bb7 26. g5 Bxf3 27. Qxf3 Bxg5 28. Qe4 Rac8 29.
g3 Rc4 30. Qb7 Rxc2 31. Qxa6 Rd8 32. Qxb5 Rd1+ 33. Kg2 Rdd2 34. Qb6 Bf6 35. Rh4 Bxh4 36. gxh4 Rxf2+ 37. Qxf2 Rxf2+ 38. Kxf2 Kf8 39. b5 Ke8 40. a4 Kd8 41. a5 Kc7 42. Ke3 g5 43. hxg5 hxg5 44.
Ke4 g4 45. Kf4 f5 46. Kg3 e5 47. Kf2 f4 48. Ke2 e4 49. Kf2 e3+ 50. Ke2 g3 51. Kf3 Kb7 52. b6 Ka6 53. Ke4 g2 54. Kd5 0-1

[Event "Early-Titled-Tuesday-Blitz-March-26-2024"]
[Site "Chess.com"]
[Date "2024.03.26"]
[Round "8"]
[White "PepeCuenca"]
[Black "hakanazeri2"]
[Result "0-1"]
[WhiteElo "2729"]
[BlackElo "2590"]
[TimeControl "180+1"]
[EndTime "9:24:55 PDT"]
[Termination "hakanazeri2 won on time"]

1. d4 Nf6 2. Bf4 d5 3. e3 c5 4. dxc5 Nc6 5. Bb5 e6 6. b4 Be7 7. Nf3 O-O 8. a3 a5 9. Nbd2 axb4 10. Bxc6 bxc6 11. axb4 Ba6 12. Nd4 Qc8 13. N2b3 Nd7 14.
Na5 e5 15. Ndxc6 Bf6 16. Bg3 Bb5 17. c4 Bxc6 18. cxd5 Bb5 19. c6 e4 20. Rc1 Ne5 21. Bxe5 Bxe5 22. f3 Qc7 23. f4 Qb6 24. Qd2 Bd6 25.
Kf2 Bxf4 26. Rhe1 Bxh2 27. g3 f5 28. Kg2 Bxg3 29. Kxg3 Rf6 30. d6 Rg6+ 31. Kf2 Qd8 32.
Rg1 Qh4+ 0-1

[Event "Early-Titled-Tuesday-Blitz-March-26-2024"]
[Site "Chess.com"]
[Date "2024.03.26"]
[Round "8"]
[White "Gennady_Kozlov"]
[Black "Ticoluis"]
[Result "0-1"]
[WhiteElo "2651"]
[BlackElo "2531"]
[TimeControl "180+1"]
[EndTime "9:24:55 PDT"]
[Termination "Ticoluis won by resignation"]

1. b3 Nf6 2. Bb2 g6 3. e3 Bg7 4. f4 d5 5. Nf3 O-O 6. Be2 c5 7. O-O Nc6 8. Ne5 d4 9. Bf3 Nxe5 10. fxe5 Nd7 11. exd4 cxd4 12. Bxd4 Nxe5 13. Bc3 Qb6+ 14. Kh1 Be6 15. Qe2 Nxf3 16. Qxf3 f6 17. a4 Rfd8 18. Na3 Bd5 19. Qe2 e5 20. a5 Qc6 21. b4 a6 22. Bb2 Rac8 23. d3 e4 24. dxe4 Bxe4 25. Rfe1 f5 26. Bxg7 Kxg7 27. c4 Qf6 28. c5 Qg5 29.
Nc4 Rd4 30. Qb2 Kh6 31. Rxe4 Rxe4 32. Nd6 Rc7 33. Nxe4 fxe4 34. Re1 Re7 35. Qd4 e3 36. g3 Qf5 37. Qh4+ Qh5 38. Qf4+ Kg7 39. Rf1 Qd5+ 40.
Kg1 Re8 41. Qf6+ Kg8 42. Re1 Qd2 43. Qf1 e2 44. Qf2 Qd3 45. Qg2 Qe3+ 46. Qf2 Qd3 47. Qf4 Rf8 48. Qxf8+ Kxf8 49. Kf2 Qd4+ 50. Kxe2 Qxb4 0-1

[Event "Early-Titled-Tuesday-Blitz-March-26-2024"]
[Site "Chess.com"]
[Date "2024.03.26"]
[Round "8"]
[White "Mikhail_Bryakin"]
[Black "NelsonLinda"]
[Result "1-0"]
[WhiteElo "2855"]
[BlackElo "2651"]
[TimeControl "180+1"]
[EndTime "9:24:56 PDT"]
[Termination "Mikhail_Bryakin won by resignation"]

1. e4 c5 2. d4 cxd4 3. Qxd4 Nc6 4.
Qd3 Nf6 5. Nc3 d6 6. Nf3 e6 7. Be2 Be7 8. O-O O-O 9. h3 a6 10. Bf4 e5 11. Bg5 Be6 12. Bxf6 Bxf6 13. Nd5 Rc8 14. c3 Bxd5 15. Qxd5 Ne7 16. Qxb7 Rb8 17. Qxa6 Rxb2 18. Rfd1 Qc7 19. Qc4 Qxc4 20. Bxc4 Rc8 21. Bb3 Rxc3 22. Rxd6 Ng6 23. Rd7 Nf4 24. Rad1 h6 25.
Bxf7+ Kh7 26. R7d2 Rb4 27. Ne1 Rxe4 28. Bb3 Ne2+ 29.
Kf1 Nd4 30. Rd3 Rc7 31. Bd5 Rh4 32. Re3 Nb5 33. Be4+ Kg8 34. g3 Rxh3 35. Kg2 Rh5 36. Nf3 Nc3 37. Rc1 Nd5 38. Bxd5+ 1-0

[Event "Early-Titled-Tuesday-Blitz-March-26-2024"]
[Site "Chess.com"]
[Date "2024.03.26"]
[Round "8"]
[White "leoduarte"]
[Black "WiktoriaPOL"]
[Result "0-1"]
[WhiteElo "2373"]
[BlackElo "2295"]
[TimeControl "180+1"]
[EndTime "9:24:56 PDT"]
[Termination "WiktoriaPOL won on time"]

1. d4 Nf6 2. Bf4 d5 3. Nf3 c5 4.
e3 Nc6 5. Nbd2 Bf5 6. c3 Qb6 7.
dxc5 Qxb2 8. Nd4 Bg6 9. Bb5 Rc8 10. O-O Nd7 11. Qa4 Qxd2 12. Nxc6 bxc6 13. Bxc6 Bc2 14. Bxd7+ Kd8 15. Qb5 Bd3 16. Qa5+ Kxd7 17. Rfd1 Qe2 18. Qxa7+ Ke8 19. c6 Rd8 20. Bc7 Rc8 21. Rxd3 Qxd3 22. Qb7 Qf5 23. a4 e5 24. a5 Bc5 25. a6 g6 26. a7 Bxa7 27. Qxa7 Kf8 0-1

[Event "Early-Titled-Tuesday-Blitz-March-26-2024"]
[Site "Chess.com"]
[Date "2024.03.26"]
[Round "8"]
[White "alexrustemov"]
[Black "vasblesk"]
[Result "1-0"]
[WhiteElo "2938"]
[BlackElo "2786"]
[TimeControl "180+1"]
[EndTime "9:24:57 PDT"]
[Termination "alexrustemov won by checkmate"]

1. d4 Nf6 2. c4 c6 3. Nc3 d5 4. e3 e6 5. Nf3 Nbd7 6. Qc2 Bd6 7.
Bd2 O-O 8. O-O-O dxc4 9. Bxc4 b5 10. Bd3 Bb7 11. e4 e5 12. dxe5 Nxe5 13. Nxe5 Bxe5 14. f4 Bd4 15. e5 Nd5 16. Nxd5 Qxd5 17. Bxh7+ Kh8 18. Bc3 c5 19. Bf5 Qxa2 20. Qd3 g6 21. e6 gxf5 22. Qh3+ Kg7 23. Qg3+ Kf6 24. Bxd4+ cxd4 25. Qg5+ Kxe6 26. Rhe1+ Kd5 27. Qxf5+ Kc4 28. Rxd4+ Kxd4 29.
Qe5+ Kc4 30. Qc3+ Kd5 31. Rd1+ Ke4 32. Qe5# 1-0

[Event "Early-Titled-Tuesday-Blitz-March-26-2024"]
[Site "Chess.com"]
[Date "2024.03.26"]
[Round "8"]
[White "ContrVersia"]
[Black "kingofthenil"]
[Result "1-0"]
[WhiteElo "2919"]
[BlackElo "2777"]
[TimeControl "180+1"]
[EndTime "9:24:57 PDT"]
[Termination "ContrVersia won by resignation"]

1. Nf3 b6 2. g3 Bb7 3. Bg2 Nf6 4. O-O c5 5. c4 g6 6. b3 Bg7 7. Bb2 O-O 8. e3 d5 9. Qe2 Nc6 10. d4 dxc4 11. bxc4 cxd4 12. exd4 e6 13. Nbd2 Qc7 14. Rac1 Rfd8 15. Rfe1 Rac8 16. Nb3 Qb8 17. a4 Qa8 18. h4 Ne7 19. d5 exd5 20. Qxe7 Rd7 21. Qe2 dxc4 22. Nbd2 Rxd2 23. Nxd2 Bxg2 24. f3 Bh3 25. g4 c3 26. Rxc3 Re8 27. Re3 Rd8 28. Ne4 Nd5 29. Bxg7 Kxg7 30. Rd3 f6 31. Qd2 h5 32.
Rd1 hxg4 33. Rxd5 Rxd5 34. Qxd5 Qc8 35. Qd7+ Qxd7 36. Rxd7+ Kh6 37. Nf2 a5 38. Nxh3 gxh3 39. Kh2 1-0

[Event "Early-Titled-Tuesday-Blitz-March-26-2024"]
[Site "Chess.com"]
[Date "2024.03.26"]
[Round "8"]
[White "Roedor"]
[Black "GMT4114"]
[Result "1/2-1/2"]
[WhiteElo "2426"]
[BlackElo "1969"]
[TimeControl "180+1"]
[EndTime "9:24:57 PDT"]
[Termination "Game drawn by agreement"]

1. c4 f5 2. g3 Nf6 3. Bg2 d6 4. Nc3 e5 5. d3 Be7 6. e4 Nc6 7. Nge2 O-O 8. O-O Qe8 9. Nd5 Bd8 10. h3 fxe4 11. dxe4 Qh5 12. Nec3 Qxd1 13. Rxd1 Nd4 14. Be3 Nc2 15. Rac1 Nxe3 16. Nxe3 a6 17. b4 Be6 18. Ncd5 h6 19. a4 Bxd5 20. cxd5 Nd7 21. h4 a5 22. Bh3 Nb6 23. Be6+ Kh8 24. Nc4 axb4 25. Nxb6 cxb6 26. Rc4 Rxa4 27. Rb1 b5 28. Rcxb4 Rxb4 29. Rxb4 Bb6 30. Rxb5 Bxf2+ 31. Kg2 b6 32. Bf5 Bc5 33. Rb2 Rf6 34. Ra2 g6 35. Ra8+ Kg7 36. Ra7+ Rf7 37. Rxf7+ Kxf7 38. Bd7 Kf6 39. g4 g5 40. h5 Ke7 41. Bb5 Kd8 42. Kf3 Ke7 43. Ke2 Kd8 44. Kd3 Kc7 45. Kc4 Kb7 46. Kb3 Kc7 1/2-1/2

[Event "Early-Titled-Tuesday-Blitz-March-26-2024"]
[Site "Chess.com"]
[Date "2024.03.26"]
[Round "8"]
[White "MarijaKuznecova"]
[Black "RebecaJimnz"]
[Result "1-0"]
[WhiteElo "2414"]
[BlackElo "2240"]
[TimeControl "180+1"]
[EndTime "9:25:00 PDT"]
[Termination "MarijaKuznecova won on time"]

1. e4 c5 2. Nf3 Nc6 3. d4 cxd4 4.
Nxd4 g6 5. Nc3 Bg7 6. Be3 Nf6 7. Bc4 Qa5 8. O-O O-O 9. h3 d6 10. Nd5 Qd8 11. Nxf6+ Bxf6 12. Kh1 Bd7 13. f4 Rc8 14. Bb3 a6 15. f5 Na5 16. Bd5 Nc4 17. Bh6 Nxb2 18.
Qd2 Nc4 19. Qd3 Ne5 20. Qg3 Bg7 21. fxg6 hxg6 22. Bxg7 Kxg7 23. Nf5+ Bxf5 24. exf5 Rxc2 25.
Rae1 Qc7 26. Qh4 Rh8 27. f6+ Kg8 28. fxe7 Rxh4 29. e8=Q+ Kg7 30. Rxe5 Rf2 31. Rxf2 Qc1+ 32. Kh2 dxe5 33. Rxf7+ Kh6 34. Qh8+ Kg5 35. Qxe5+ Kh6 36. Qh8+ Kg5 37. Qd8+ Kh5 38. Rh7+ 1-0

[Event "Early-Titled-Tuesday-Blitz-March-26-2024"]
[Site "Chess.com"]
[Date "2024.03.26"]
[Round "8"]
[White "CSB7"]
[Black "ChainedDowntohell"]
[Result "1/2-1/2"]
[WhiteElo "2778"]
[BlackElo "2534"]
[TimeControl "180+1"]
[EndTime "9:25:01 PDT"]
[Termination "Game drawn by repetition"]

1. e4 c6 2. Ne2 Nf6 3. e5 Nd5 4. c4 Nb6 5. b3 d6 6. exd6 exd6 7.
Bb2 N8d7 8. Ng3 Nf6 9. Bd3 Be7 10. O-O d5 11. Qc2 O-O 12. Re1 Be6 13. Bf5 dxc4 14. Bxe6 fxe6 15. bxc4 Ng4 16. Ne4 Bc5 17. d4 Bxd4 18.
Bxd4 Qxd4 19. Na3 Rad8 20. h3 Nf6 21. Ng5 Qd3 22. Qb2 Na4 23. Qe5 Qxa3 24. Qxe6+ Kh8 25. Nf7+ Rxf7 26. Qxf7 Nc5 27. Rad1 Rg8 28. Re7 Qc3 29.
Rd8 Qc1+ 30. Kh2 Qf4+ 31. Kg1 Qc1+ 32. Kh2 Qf4+ 33. Kh1 Qc1+ 34. Kh2 1/2-1/2

[Event "Early-Titled-Tuesday-Blitz-March-26-2024"]
[Site "Chess.com"]
[Date "2024.03.26"]
[Round "8"]
[White "stratacticos"]
[Black "JaackCamel"]
[Result "0-1"]
[WhiteElo "1858"]
[BlackElo "2189"]
[TimeControl "180+1"]
[EndTime "9:25:01 PDT"]
[Termination "JaackCamel won on time"]

1. e4 e6 2. d4 d5 3. e5 c5 4. c3 Nc6 5. Nf3 Qb6 6. Bd3 cxd4 7. O-O Bd7 8. a3 a5 9. Kh1 Nge7 10. cxd4 Nxd4 11.
Be3 Nec6 12. Nc3 Qxb2 13. Nb5 Nxb5 14. Rb1 Qxa3 15. Rxb5 Bb4 16. Rxb7 Nd8 17. Rxd7 Kxd7 18. Ng5 Ke7 19. Nxh7 f6 20. exf6+ gxf6 21. Nxf6 Kxf6 22. Qf3+ Ke7 23. Bg5+ Kd7 24. Bb5+ Kc7 25. Be3 Rf8 26. Qg3+ Bd6 27. Qg7+ Rf7 28. Qd4 Rb8 29. Bd3 Nc6 30.
Qg4 Kd7 31. h3 Rbf8 32. Bg6 Rg7 33. Qh5 Rfg8 0-1

[Event "Early-Titled-Tuesday-Blitz-March-26-2024"]
[Site "Chess.com"]
[Date "2024.03.26"]
[Round "8"]
[White "Xavier_mompel"]
[Black "wild3000"]
[Result "1-0"]
[WhiteElo "2365"]
[BlackElo "2442"]
[TimeControl "180+1"]
[EndTime "9:25:04 PDT"]
[Termination "Xavier_mompel won on time"]

1. e4 a6 2. d4 e6 3. Nc3 b5 4. Nf3 Bb7 5. Bd3 b4 6. Ne2 d5 7. e5 c5 8. c3 Nc6 9. O-O Nge7 10. Bf4 Ng6 11. Bg3 Be7 12. Rc1 c4 13. Bb1 bxc3 14. bxc3 O-O 15. Qc2 Re8 16. h4 Nf8 17. h5 h6 18. Bf4 a5 19. g4 Rb8 20. Kh2 Ba6 21. Rg1 Qb6 22. g5 hxg5 23. Bxg5 Bxg5 24.
Rxg5 Qb2 25. Rcg1 g6 26. hxg6 f5 27. exf6 Qxc2 28. f7+ Kg7 29. fxe8=Q Rxe8 30. Bxc2 Nd7 31. Ba4 Bb7 32. Bxc6 Bxc6 33. Ne5 Nxe5 34. Rxe5 Rh8+ 35. Kg2 Bd7 36. Nf4 Kf6 37. Rge1 Rh4 38. Nxe6 Kxg6 39. Nf8+ Kf7 40. Nxd7 a4 41. Rxd5 a3 42. Rf5+ Kg6 43.
Rf3 Rh8 44. Re6+ Kg7 45. Ne5 1-0

[Event "Early-Titled-Tuesday-Blitz-March-26-2024"]
[Site "Chess.com"]
[Date "2024.03.26"]
[Round "8"]
[White "KorolDimitriy75"]
[Black "Better_Chess_Faster"]
[Result "1-0"]
[WhiteElo "2372"]
[BlackElo "2184"]
[TimeControl "180+1"]
[EndTime "9:25:04 PDT"]
[Termination "KorolDimitriy75 won by checkmate"]

1. d4 Nf6 2. c4 c5 3. d5 b5 4. Nd2 bxc4 5. e4 d6 6. Bxc4 g6 7. b3 Bg7 8. Bb2 O-O 9. Ngf3 Ba6 10. O-O Bxc4 11. bxc4 Na6 12. Re1 Rb8 13. Bc3 Nd7 14. Bxg7 Kxg7 15. e5 Nxe5 16. Nxe5 dxe5 17. Rxe5 Qd6 18.
Re3 Rb2 19. Ne4 Qf4 20. g3 Qf5 21. Qd3 f6 22. Rae1 Nb4 23. Qc3 Rc2 24. Qb3 Rxa2 25.
Rf3 Qe5 26. Kf1 a5 27. Nxc5 Qd6 28. Ne6+ Kf7 29. Nxf8 Kxf8 30. Rfe3 Qc5 31. R1e2 Ra1+ 32. Kg2 a4 33. Qc3 e5 34. dxe6 Qc6+ 35. f3 Ra3 36. Qxb4+ Ke8 37. Qxa3 Qxc4 38. Qd3 Qc1 39. Qd7+ Kf8 40.
Qf7# 1-0